 Dungeon Crawl Stone Soup version 0.28.0-47-ge53b351184 (webtiles) character file.

Game seed: 5393550488892256915

392 bobregger the Cudgeller (level 6, 0/62 HPs)
             Began as an Ogre Berserker on May 5, 2022.
             Was a Believer of Trog.
             Slain by a black bear (3 damage)
             ... on level 4 of the Dungeon.
             The game lasted 00:04:40 (3974 turns).

bobregger the Cudgeller (Ogre Berserker)            Turns: 3974, Time: 00:04:40

Health: 0/62       AC:  3    Str: 22    XL:     6   Next: 80%
Magic:  6/6        EV: 10    Int:  8    God:    Trog [**....]
Gold:   134        SH:  0    Dex: 10    Spells: 5/5 levels left

rFire   + . .      SeeInvis .   a - +0 mace
rCold   . . .      Faith    .   (no shield)
rNeg    . . .      Spirit   .   b - +0 animal skin
rPois   .          Reflect  .   (helmet restricted)
rElec   .          Harm     .   (no cloak)
rCorr   .          Rampage  .   (gloves unavailable)
Will    .....                   (boots unavailable)
Stlth   +.........              (no amulet)
HPRegen 0.20/turn               (no ring)
MPRegen 0.10/turn               (no ring)

@: on berserk cooldown, slowed, very slow
A: large, unfitting armour, tough skin 1, horns 1, fire resistance 1, mutation
resistance 1
a: Renounce Religion, Berserk, Trog's Hand


You were on level 4 of the Dungeon.
You worshipped Trog.
Trog was pleased with you.
You visited 1 branch of the dungeon, and saw 4 of its levels.

You collected 134 gold pieces.

Inventory:

Hand Weapons
 a - a +0 mace (weapon)
Armour
 b - a +0 animal skin (worn)
Jewellery
 g - an amulet of guardian spirit
Wands
 n - a wand of paralysis (11)
Scrolls
 c - 2 scrolls of magic mapping {unknown}
 d - 2 scrolls of teleportation {unknown}
 f - 6 scrolls of identify {unknown}
 k - a scroll of fog {unknown}
Potions
 i - a potion of resistance
 j - a potion of cancellation


   Skills:
 - Level 4.0 Fighting
 + Level 6.8 Maces & Flails
 - Level 2.6 Dodging


You had 5 spell levels left.
You didn't know any spells.
Your spell library was empty.

Dungeon Overview and Level Annotations

Branches:
Dungeon (4/15)
 Temple: D:4-7

Altars:
Sif Muna

Shops:
D:3 *


Innate Abilities, Weirdness & Mutations

You are too large for most types of armour.
You have tough skin. (AC +1)
You have a pair of small horns on your head.
Your flesh is heat resistant. (rF+)
You are somewhat resistant to further mutation.


Message History

The black bear barely misses you.
There is an open door here.
You hit the black bear.
The black bear is lightly wounded.
The black bear bites you. The black bear barely misses you.
The black bear closely misses you.
You thump the black bear!
The black bear is heavily wounded.
You closely miss the black bear.
The black bear is heavily wounded.
The black bear bites you but does no damage.
The black bear claws you. x2
You sock the black bear! Your headbutt misses the black bear.
The black bear is almost dead.
The black bear goes berserk!
You hit the black bear.
The black bear is almost dead.
The black bear bites you!
The black bear claws you but does no damage.
The black bear claws you.
You closely miss the black bear.
The black bear is almost dead.
The black bear bites you! The black bear barely misses you. x2
You barely miss the black bear.
The black bear is almost dead.
You are no longer berserk.
You are exhausted.
You feel yourself slow down. The black bear closely misses you.
The black bear claws you.
The black bear claws you but does no damage.
You hit the black bear.
The black bear is almost dead.
The black bear bites you but does no damage.
The black bear claws you but does no damage.
The black bear barely misses you. The black bear bites you!
* * * LOW HITPOINT WARNING * * *
The black bear claws you.
* * * LOW HITPOINT WARNING * * *
The black bear claws you.
You die...

..#........#.#'#...#+#.#).†
..##.####.##...#####...##..
#.####.+......#......'.. .
..###......#......##. #
##..#.......#.(.....#.
#.#...#.......+.......##
#.....#.......#.......#.
#.....##......#......##.
#...h@......#......+..
#...###...#####...##..
#<.... #.#+# #... .....#.
### ###. .....#+ #+ ...#
... ..


You could see a black bear (berserk).

Vanquished Creatures
  A black bear (D:4)
  A bullfrog (D:4)
  A scorpion (D:2)
  2 hounds
  A hound skeleton (D:2)
  Robin (D:4)
  An adder (D:2)
  A dart slug (D:1)
  4 orcs (D:3)
  5 endoplasms
  2 giant cockroaches
  16 goblins
  6 hobgoblins
  8 jackals
  3 quokkas
  8 ball pythons
  4 bats
  2 frilled lizards (D:2)
  8 kobolds
  4 rats
79 creatures vanquished.

Notes
Turn   | Place    | Note
-------+----------+-------------------------------------------
     0 | D:1      | bobregger the Ogre Berserker began the quest for the Orb.
     0 | D:1      | Reached XP level 1. HP: 24/24 MP: 1/1
   158 | D:1      | Reached skill level 3 in Maces & Flails
   173 | D:1      | Reached XP level 2. HP: 29/32 MP: 2/2
   811 | D:2      | Reached XP level 3. HP: 37/39 MP: 3/3
   831 | D:2      | Reached ** piety under Trog
   933 | D:2      | Reached skill level 4 in Maces & Flails
  1291 | D:2      | Reached XP level 4. HP: 47/48 MP: 4/4
  1360 | D:2      | Found a faded altar of an unknown god.
  1596 | D:2      | Noticed a scorpion
  1616 | D:2      | Killed a scorpion
  1617 | D:2      | Reached skill level 5 in Maces & Flails
  1617 | D:2      | Reached XP level 5. HP: 54/54 MP: 5/5
  2231 | D:3      | Found Xuqaam's General Store.
  2361 | D:3      | Found a shimmering blue altar of Sif Muna.
  3057 | D:4      | Noticed Robin
  3072 | D:4      | Killed Robin
  3077 | D:4      | Gained mutation: You have a pair of small horns on your
                  | head. [potion of mutation]
  3077 | D:4      | Gained mutation: Your flesh is heat resistant. (rF+)
                  | [potion of mutation]
  3077 | D:4      | Gained mutation: You are somewhat resistant to further
                  | mutation. [potion of mutation]
  3622 | D:4      | Reached skill level 6 in Maces & Flails
  3622 | D:4      | Reached XP level 6. HP: 49/62 MP: 6/6
  3714 | D:4      | Noticed a black bear
  3731 | D:4      | Killed a black bear
  3953 | D:4      | Noticed a black bear
  3974 | D:4      | HP: 3/62 [black bear (5)]
  3974 | D:4      | Slain by a black bear

Illustrated notes

Levels and vault maps discovered:
D:1:      heliophobic_arrival_henge, layout_basic
D:2:      minmay_razor_zed, layout_basic, ebering_ecumenical_altar_ruins
D:3:      layout_loops_cross, mainiacjoe_overflow_brackets, serial_shops, shop
D:4:      nicolae_cairo_tiling_very_big, layout_rooms, uniq_eustachio,
          uniq_robin

Skill      XL: |  1  2  3  4  5 |
---------------+----------------+-----
Maces & Flails | 3 4 5 6 |  6.8
Fighting       | |  4.0
Dodging        | |  2.6

Action                   |  1- 3 |  4- 6 || total
-------------------------+-------+-------++-------
Melee: Mace              |    96 |   163 ||   259
       Punch             |     1 |     1 ||     2
       Headbutt          |       |     8 ||     8
Invok: Berserk           |       |     5 ||     5
  Use: Potion            |       |     7 ||     7
 Stab: Sleeping          |     1 |       ||     1
Armor: Animal skin       |    57 |    49 ||   106
Dodge: Dodged            |   105 |   101 ||   206
